 Dungeon Crawl Stone Soup version 0.17-a0-1951-g62301d3 (webtiles) character file.

133 Roadrunner the Skirmisher (level 4, 0/48 HPs)
             Began as a Troll Warper on Oct 2, 2015.
             Succumbed to a scorpion's poison
             ... on level 4 of the Dungeon.
             The game lasted 00:11:00 (998 turns).

Roadrunner the Skirmisher (Troll Warper)             Turns: 998, Time: 00:11:00

Health: 0/48       AC:  5    Str: 19    XL:     4   Next: 93%
Magic:  4/4        EV: 10    Int:  9    God:
Gold:   170        SH:  0    Dex: 10    Spells: 1 memorised, 4 levels left

rFire  . . .     SeeInvis .     (no weapon)
rCold  . . .     Clarity  .     b - +0 robe
rNeg   + . .     SustAt   .     (no shield)
rPois  .         Gourm    +     (helmet restricted)
rElec  .         Spirit   .     (no cloak)
rCorr  .         Warding  .     (gloves unavailable)
rMut   .         Stasis   .     (boots unavailable)
MR     .....                    (no amulet)
Stlth  +.........               (no ring)
                                p - ring of positive energy

@: lethally poisoned (0 -> -8), not resistant to hostile enchantments, very
unstealthy
A: unfitting armour, claws 3, fast metabolism 3, gourmand, regeneration 2,
shaggy fur 1, tough skin 2
a: no special abilities


You were on level 4 of the Dungeon.
You were very full.

You visited 1 branch of the dungeon, and saw 5 of its levels.

You collected 170 gold pieces.

Inventory:

Hand weapons
 a - a +0 hand axe
 h - the +5 whip "Maler" {flame, rElec}
   (You found it on level 4 of the Dungeon)

   It has been specially enchanted to burn those struck by it, causing extra
   injury to most foes and up to half again as much damage against particularly
   susceptible opponents.
   It insulates you from electricity.
 s - a +0 blowgun
Missiles
 e - 5 tomahawks of dispersal
 q - 2 javelins (quivered)
 t - 12 poisoned needles
Armour
 b - a +0 robe (worn)
Jewellery
 p - a ring of positive energy (left claw)
Magical devices
 u - a wand of magic darts (20)
Scrolls
 d - 2 scrolls of blinking
 g - a scroll of enchant armour {unknown}
 i - 2 scrolls of identify {unknown}
 j - 3 scrolls of recharging {unknown}
 k - a scroll of magic mapping {unknown}
 l - a scroll of random uselessness {unknown}
 o - a scroll of noise {unknown}
 r - a scroll of teleportation {unknown}
Books
 c - a book of Spatial Translocations

   Spells                             Type                      Level
   a - Apportation                    Translocation                1
   b - Blink                          Translocation                2
   c - Shroud of Golubria             Charms/Translocation         2
   d - Portal Projectile              Translocation                3
   e - Teleport Other                 Translocation                3
   f - Passage of Golubria            Translocation                4
Comestibles
 f - 5 bread rations


   Skills:
 + Level 4.2 Fighting
 - Level 1.5 Axes
 - Level 0.8 Throwing
 - Level 1.9 Dodging
 - Level 1.2 Spellcasting
 - Level 2.1 Translocations


You had 4 spell levels left.
You knew the following spells:

 Your Spells              Type           Power        Failure   Level  Hunger
a - Apportation           Tloc           #.........   14%         1    ##.....


Dungeon Overview and Level Annotations

Branches:
Dungeon (5/15)
 Temple: D:4-7

Altars:
Gozag
Trog


Innate Abilities, Weirdness & Mutations

You are too large for most types of armour.
You have claws for hands.
Your metabolism is lightning-fast.
You like to eat raw meat.
You heal very quickly.
You are covered in fur (AC +1).
You have very tough skin (AC +2).


Message History

The scorpion is almost dead.
The scorpion stings you.
* * * LOW HITPOINT WARNING * * *
You are more poisoned.
The scorpion poisons you!
You completely miss the scorpion.
The scorpion is almost dead.
You feel sick. The scorpion stings you!
* * * LOW HITPOINT WARNING * * *
You are lethally poisoned!
The scorpion poisons you!
You closely miss the scorpion.
The scorpion is almost dead.
* * * LOW HITPOINT WARNING * * *
You feel sick. The scorpion stings you.
* * * LOW HITPOINT WARNING * * *
You scratch the scorpion.
You kill the scorpion!
Your Fighting skill increases to level 4!
You die...

#...##...##......#
#.........'......#
+........###.###.#
#........#.....#
#..###..##.#.###
##+####..##.._..#
#....#....###.#.#
+....#....#.....# +...
#..(†@....###.### #...
#...####+####.#+###...
#.. ................
... ................
... ................
.. ................ +
................
##+######'#####'
..............


There were no monsters in sight!

Vanquished Creatures
  A scorpion (D:4)
  An orc priest (D:4)
  An adder (D:3)
  2 oozes (D:2)
  2 orcs (D:4)
  2 giant cockroaches (D:3)
  2 goblins (D:2)
  A hobgoblin (D:2)
  5 jackals
  6 kobolds
  2 bats
  2 giant geckos
  3 giant newts
  4 rats
34 creatures vanquished.

Notes
Turn   | Place    | Note
--------------------------------------------------------------
     0 | D:1      | Roadrunner the Troll Warper began the quest for the Orb.
     0 | D:1      | Reached XP level 1. HP: 19/19 MP: 1/1
   160 | D:1      | Reached XP level 2. HP: 15/28 MP: 2/2
   464 | D:3      | Reached XP level 3. HP: 36/36 MP: 3/3
   471 | D:3      | Reached skill level 3 in Fighting
   608 | D:2      | Found a bloodstained altar of Trog.
   833 | D:5      | Entered Level 5 of the Dungeon
   833 | D:5      | Noticed an ogre
   833 | D:5      | Noticed an ice beast
   852 | D:4      | HP: 1/37 [orc priest/club (3)]
   856 | D:4      | Reached XP level 4. HP: 17/46 MP: 4/4
   943 | D:4      | Got a crude whip
   944 | D:4      | Identified the +5 whip "Maler" {flame, rElec} (You found it on level 4 of the Dungeon)
   951 | D:4      | Found an opulent altar of Gozag.
   982 | D:4      | Noticed a scorpion
   997 | D:4      | HP: 1/48 [scorpion (2)]
   998 | D:4      | Killed a scorpion
   998 | D:4      | Reached skill level 4 in Fighting
   998 | D:4      | Succumbed to a scorpion's poison

Vault maps used:
D:1:      minmay_arrival_stair_chambers
D:2:      kennysheep_six_static_rooms, lightli_temple_of_fire,
          lemuel_crystal_altar, first_bread
D:3:      yredelemnul_altar_generic, nemelex_deck
D:4:      nicolae_gozag_cash_rules_everything_around_me, patterned_corridor,
          uniq_robin, uniq_grinder
D:5:      nicolae_ashenzari_panopticon, bloody_makhleb, lemuel_doored_altar

Action                   |  1- 3 |  4- 6 || total
-------------------------+-------+-------++-------
Melee: Unarmed           |   104 |    24 ||   128
 Fire: Blowgun           |     1 |       ||     1
Throw: Javelin           |       |     1 ||     1
  Use: Potion            |     4 |       ||     4
 Stab: Sleeping          |     2 |       ||     2
  Eat: Chunk             |    10 |     3 ||    13
